 Dungeon Crawl Stone Soup version 0.25-a0-697-g890751e744 (webtiles) character file.

Game seed: 9898938520552022560, levelgen mode: deterministic

58 DerDa the Firebug (level 3, 0/24 HPs)
             Began as a Demonspawn Fire Elementalist on Apr 1, 2020.
             Slain by a goblin
             ... wielding a +3 dagger
             ... led by Robin
              (2 damage)
             ... on level 2 of the Dungeon.
             The game lasted 00:05:52 (1906 turns).

DerDa the Firebug (Demonspawn Fire Elementalist)    Turns: 1906, Time: 00:05:53

Health: 0/24       AC:  3    Str:  8    XL:     3   Next: 75%
Magic:  7/7        EV: 12    Int: 15    God:
Gold:   60         SH:  0    Dex: 13    Spells: 6/7 levels left

rFire    . . .     SeeInvis .   b - +0 club
rCold    . . .     Gourm    .   (no shield)
rNeg     . . .     Faith    .   a - +0 robe
rPois    .         Spirit   .   (helmet restricted)
rElec    .         Reflect  .   (no cloak)
rCorr    .         Harm     .   j - +0 pair of gloves
MR       .....                  (no boots)
Stlth    ++........             (no amulet)
HPRegen  0.08/turn              (no ring)
MPRegen  0.10/turn              (no ring)

@: brilliant, lethally poisoned (0 -> -18), very slightly contaminated
A: horns 1, talons 2, blurry vision 1, dopey 1
a: no special abilities


You were on level 2 of the Dungeon.
You were hungry.

You visited 1 branch of the dungeon, and saw 2 of its levels.

You collected 60 gold pieces.

Inventory:

Hand Weapons
 b - a +0 club (weapon)
 n - a +0 hunting sling
Missiles
 e - 79 stones (quivered)
Armour
 a - a +0 robe (worn)
 j - a +0 pair of gloves (worn)
Scrolls
 d - 2 scrolls of amnesia {unknown}
 f - a scroll of remove curse {unknown}
 g - a scroll of identify {unknown}
 h - a scroll of fog {unknown}
 k - a scroll of immolation {unknown}
 q - a scroll of blinking {unknown}
Comestibles
 c - 3 rations
 m - 3 chunks of flesh


   Skills:
 - Level 1.7 Dodging
 - Level 1.7 Stealth
 * Level 2.7 Spellcasting
 * Level 2.2 Conjurations
 * Level 3.3 Fire Magic


You had 6 spell levels left.
You knew the following spells:

 Your Spells              Type           Power        Failure   Level  Hunger
a - Foxfire               Conj/Fire      ###.         7%          1    None

Your spell library contained the following spells:

 Spells                   Type           Power        Failure   Level  Hunger
 Conjure Flame            Conj/Fire      ###.....     21%         3    None
 Inner Flame              Hex/Fire       ##......     30%         3    None
 Sticky Flame             Conj/Fire      ###.....     54%         4    None
 Fireball                 Conj/Fire      ###.......   88%         5    None


Dungeon Overview and Level Annotations

Branches:
Dungeon (2/15)

Altars:

Annotations:
D:2 Robin, Sigmund


Innate Abilities, Weirdness & Mutations

You have razor-sharp toenails.
You have a pair of small horns on your head.
Scrolls take you a little longer to read.
You are dopey. (Int -2)


Message History

You feel sick. Robin throws the goblin at you!
The goblin hits you with a +3 dagger.
The goblin no longer looks unusually strong.
It was a potion of brilliance.
You feel clever all of a sudden.
You feel sick. The goblin barely misses you.
The goblin hits you with a +3 dagger.
Unknown command.
It was a potion of magic.
Magic courses through your body.
You feel sick.
Robin roars a battlecry!
The goblin goes into a battle-frenzy!
The goblin barely misses you.
The goblin hits you with a +0 dagger of venom.
* * * LOW HITPOINT WARNING * * *
You are more poisoned.
It was a potion of mutation.
You feel extremely strange.
Your vision blurs.
You feel stupid. A pair of horns grows on your head!
* * * LOW HITPOINT WARNING * * *
You feel sick. The goblin hits you with a +3 dagger.
You die...

#.###.....#.#
#..g........#####.#
#).##.............#
#..##......)#######
#.g####.##..#
#.......##..##
##.###g.##...#
#.###gg##.#.#
#....@....#.#
#####..####.# ####
###..# #)# #...
###....# #.# #.##
#.....## ##)# #.#
##.....# #..# #[#
#......# #.## #.#
#......# #.# #.#
#......# #.# #.#


You could see Robin and 2 goblins.

Vanquished Creatures
  2 adders (D:2)
  2 giant cockroaches (D:1)
  8 hobgoblins
  4 jackals (D:1)
  4 kobolds
  A ball python (D:1)
  4 bats
  2 frilled lizards (D:2)
  7 goblins
  A rat (D:1)
35 creatures vanquished.

Vanquished Creatures (others)
  69 foxfires
69 creatures vanquished.

Grand Total: 104 creatures vanquished

Notes
Turn   | Place    | Note
-------+----------+-------------------------------------------
     0 | D:1      | DerDa the Demonspawn Fire Elementalist began the quest for
                  | the Orb.
     0 | D:1      | Reached XP level 1. HP: 13/13 MP: 3/3
   252 | D:1      | Gained mutation: You have sharp toenails. [demonic
                  | ancestry]
   252 | D:1      | Reached XP level 2. HP: 19/19 MP: 0/5
   752 | D:1      | Reached skill level 3 in Fire Magic
  1529 | D:2      | Gained mutation: You have razor-sharp toenails. [demonic
                  | ancestry]
  1529 | D:2      | Reached XP level 3. HP: 24/24 MP: 1/6
  1619 | D:2      | Noticed Sigmund
  1880 | D:2      | Noticed Robin
  1906 | D:2      | Gained mutation: Scrolls take you a little longer to read.
                  | [potion of mutation]
  1906 | D:2      | Gained mutation: You are dopey. (Int -2) [potion of
                  | mutation]
  1906 | D:2      | Gained mutation: You have a pair of small horns on your
                  | head. [potion of mutation]
  1906 | D:2      | Slain by a goblin

Levels and vault maps discovered:
D:1:      nzn_arrival_water_spiral, layout_loops_corners
D:2:      minmay_evil_eye, layout_loops_ring, nicolae_overflow_hidden_temple,
          elyvilon_altar_3, grunt_temple_overflow_diamond, led_sif_pool,
          uniq_sigmund, uniq_robin

Skill      XL: |  1  2  3 |
---------------+----------+-----
Fire Magic     | 3 |  3.3
Conjurations   | 2 |  2.2
Dodging        | |  1.7
Stealth        | |  1.7
Spellcasting   | |  2.7

Action                   || total
-------------------------++-------
Melee: Club              ||    33
       Kick              ||     6
 Cast: Foxfire           ||    52
  Use: Potion            ||     4
  Eat: Chunk             ||     3
Armor: Robe              ||    15
Dodge: Dodged            ||    59

Table legend:
 A = Non-vault XP
 B = Vault XP
 C = Vault XP percentage of total XP
 D = Non-vault monster count
 E = Vault monster count
 F = Vault count percentage of total count
                 A         B        C        D         E       F
            +---------+---------+-------+---------+---------+-------
      Total |      62 |      21 |  25.3 |      24 |      11 |  31.4
            +---------+---------+-------+---------+---------+-------
        D:1 |      34 |       0 |   0.0 |      20 |       0 |   0.0
        D:2 |      28 |      21 |  42.9 |       4 |      11 |  73.3
            +---------+---------+-------+---------+---------+-------
